 Dungeon Crawl Stone Soup version 0.18-a0-971-g0af6217 (webtiles) character file.

1113 M4edhros the Sneak (level 8, -2/48 HPs)
             Began as an Octopode Artificer on Jan 1, 2016.
             Was a Believer of Okawaru.
             Slain by an orc
             ... wielding a +2 hand axe of electrocution
              (6 damage)
             ... on level 5 of the Dungeon on Jan 2, 2016.
             The game lasted 00:21:31 (6014 turns).

M4edhros the Sneak (Octopode Artificer)             Turns: 6014, Time: 00:21:32

Health: -2/48      AC:  6    Str: 10    XL:     8   Next: 33%
Magic:  10/10      EV:  2    Int: 16    God:    Okawaru [**....]
Gold:   183        SH:  0    Dex: -1 (13) Spells: 0 memorised, 7 levels left

rFire  + . .     SeeInvis .     A - +0 flail (protect)
rCold  . . .     Gourm    .     (no shield)
rNeg   . . .     Faith    .     (helmet restricted)
rPois  .         Spirit   .     (no amulet)
rElec  .         Dismiss  .     x - ring of protection from fire
rCorr  .         Reflect  .     C - +2 ring of strength
SustAt .         Harm     .     (no ring)
MR     .....                    (no ring)
Stlth  ..........               (no ring)
                                (no ring)
                                (no ring)
                                (no ring)

@: slowed, lost dexterity, very slow, not resistant to hostile enchantments,
extremely unstealthy
A: almost no armour, amphibious, 8 rings, constrict 8, camouflage 1, low mp 1,
weak 1, wild magic 1, gelatinous body 1
a: Heroism, Renounce Religion


You were on level 5 of the Dungeon.
You worshipped Okawaru.
Okawaru was pleased with you.
You were not hungry.

You visited 2 branches of the dungeon, and saw 6 of its levels.

You collected 183 gold pieces.

Inventory:

Hand Weapons
 a - a +0 short sword
 i - a +1 short sword of venom
 u - a +1 glaive of chopping
 y - a +0 blowgun
 A - a +0 flail of protection (weapon)
 B - a +0 hunting sling
Missiles
 h - 184 stones (quivered)
 q - 77 sling bullets
 z - 25 poisoned needles
Jewellery
 x - a ring of protection from fire (left tentacle)
 C - a +2 ring of strength (right tentacle)
Wands
 b - a wand of flame (6/48)
 c - a wand of enslavement (0/24)
 d - a wand of random effects (4/48)
 n - a wand of magic darts (11/48)
Scrolls
 e - 3 scrolls of magic mapping {unknown}
 j - 3 scrolls of identify {unknown}
 k - 5 scrolls of teleportation {unknown}
 l - 3 scrolls of fog {unknown}
 o - a scroll of random uselessness {unknown}
 p - a scroll of noise {unknown}
 t - a scroll of amnesia {unknown}
 v - 3 scrolls of remove curse {unknown}
 w - 4 scrolls of enchant armour {unknown}
 E - a scroll of immolation {unknown}
Potions
 m - 3 potions of curing
Comestibles
 f - a bread ration
 g - 5 meat rations
 r - a fruit
 s - a beef jerky


   Skills:
 - Level 1.0 Fighting
 - Level 1.0 Short Blades
 * Level 4.4 Slings
 * Level 5.8 Dodging
 * Level 7.2 Stealth
 + Level 5.2 Evocations


You had 7 spell levels left.
You didn't know any spells.

Dungeon Overview and Level Annotations

Branches:
Dungeon (5/15)             Temple (1/1) D:5

Altars:
Cheibriados
Dithmenos
Elyvilon
Fedhas
Gozag
Kikubaaqudgha
Makhleb
Nemelex Xobeh
Okawaru
Pakellas
Ru
Sif Muna
Trog
Vehumet
Xom
Yredelemnul
Zin
The Shining One

Annotations:
D:4 Grinder


Innate Abilities, Weirdness & Mutations

You cannot wear most types of armour.
You are amphibious.
You can wear up to eight rings at the same time.
You can use your tentacles to constrict eight enemies at once.
Your skin changes colour to match your surroundings (Stealth).
Your rubbery body absorbs attacks (AC +1).
Your magical capacity is low (-10% MP).
You are weak. (Str -2)
Your spells are a little harder to cast, but a little more powerful.


Message History

The puff of flame hits something.
Okawaru accepts your kill.
Reactivating autopickup.
You feel your dexterity returning.
You feel a bit more experienced.
This wand has 6 charges left.
You start resting.
An orc is nearby!
Things that are here:
a dagger of freezing; a robe; an orc corpse
There is a stone staircase leading up here.
You see here a giant club.
You start resting.
You barely miss the orc.
The orc shouts!
Your grab misses the orc. You squeeze the orc, but do no damage.
The orc hits you with a hand axe of electrocution.
You are electrocuted!
* * * LOW HITPOINT WARNING * * *
The orc hits you with a hand axe of electrocution.
You die...

###
#.#..#.#......#.#...#
#.#..#......#.#.#####
#.#..#..#####.#...5.#
#.#..#..# #.#####.#
#.#..#..# #.# #.#
#.####<.# #.# #.# #.#
#..# #.# #.#
#.####..#####.# #.#
#...@o........# #..
######.######.# ###
### ###


You could see an orc.

Vanquished Creatures
  A komodo dragon (D:3)
  Sigmund (D:5)
  An ogre (D:5)
  Blork the orc (D:4)
  A scorpion (D:5)
  An orc priest (D:5)
  Ijyb (D:2)
  Jessica (D:2)
  Natasha (D:2)
  4 orc wizards
  2 worker ants
  A worker ant zombie (D:5)
  Robin (D:4)
  6 gnolls (D:3)
  3 adders
  5 worms
  A giant gecko (D:3)
  12 orcs
  7 bats
  7 giant cockroaches
  14 goblins
  6 hobgoblins
  7 jackals
  A giant gecko skeleton (D:5)
  4 giant newts
  8 kobolds
  5 rats
103 creatures vanquished.

Vanquished Creatures (collateral kills)
  2 orcs (D:5)
  2 goblins (D:4)
  A quokka (D:5)
  A kobold (D:3)
  A quokka skeleton (D:4)
7 creatures vanquished.

Vanquished Creatures (others)
  The ghost of PinkishYellow the Conjurer, an amateur DrCj (D:3)
  4 orc wizards (D:5)
  A gnoll (D:3)
6 creatures vanquished.

Grand Total: 116 creatures vanquished

Notes
Turn   | Place    | Note
--------------------------------------------------------------
     0 | D:1      | M4edhros the Octopode Artificer began the quest for the Orb.
     0 | D:1      | Reached XP level 1. HP: 13/13 MP: 3/3
   243 | D:1      | Reached XP level 2. HP: 13/18 MP: 4/4
   453 | D:1      | You fall through a shaft!
   483 | D:2      | Noticed Jessica
   488 | D:2      | Killed Jessica
   488 | D:2      | Reached XP level 3. HP: 17/23 MP: 5/5
   706 | D:2      | Found a bloodstained altar of Trog.
   857 | D:3      | Reached XP level 4. HP: 28/28 MP: 6/6
  1064 | D:4      | Found an opulent altar of Gozag.
  1085 | D:4      | Noticed Grinder
  1362 | D:5      | Entered Level 5 of the Dungeon
  1393 | D:5      | Noticed an ogre
  1497 | D:5      | Reached skill level 1 in Slings
  1497 | D:5      | Reached skill level 4 in Stealth
  1497 | D:5      | Reached XP level 5. HP: 20/33 MP: 7/7
  1509 | D:5      | Found a staircase to the Ecumenical Temple.
  1518 | Temple   | Entered the Ecumenical Temple
  1656 | Temple   | Upgraded the game from 0.18-a0-965-g9200175 to 0.18-a0-971-g0af6217
  1741 | Temple   | Became a worshipper of Xom the Tricky
  1790 | Temple   | Fell from the grace of Xom
  1790 | Temple   | Became a worshipper of Warmaster Okawaru
  1836 | D:4      | Noticed Blork the orc
  1841 | D:3      | Noticed PinkishYellow's ghost (amateur DrCj)
  1922 | D:2      | Found a sparkling altar of Nemelex Xobeh.
  1933 | D:2      | Noticed Natasha
  1939 | D:2      | Killed Natasha
  1952 | D:2      | XOM: torment (16/33 hp)
  2049 | D:2      | XOM: mild Hex miscast
  2456 | D:2      | Noticed Ijyb
  2464 | D:2      | Killed Ijyb
  2743 | D:3      | Found a basalt altar of Yredelemnul.
  2752 | D:3      | Found a glowing golden altar of the Shining One.
  2775 | D:3      | XOM: give mutation
  2775 | D:3      | Gained mutation: Your spells are a little harder to cast, but a little more powerful. [Xom's mischief]
  2821 | D:3      | Reached XP level 6. HP: 33/38 MP: 9/9
  2949 | D:3      | Noticed a hippogriff
  3033 | D:3      | Noticed a komodo dragon
  3033 | D:3      | a hippogriff changed into a komodo dragon
  3033 | D:3      | XOM: polymorph hippogriff -> komodo dragon
  3040 | D:3      | Your ally PinkishYellow died
  3126 | D:3      | XOM: medium Chrm miscast
  3212 | D:3      | Killed a komodo dragon
  3212 | D:3      | Reached * piety under Okawaru
  3212 | D:3      | Reached skill level 5 in Stealth
  3212 | D:3      | Reached XP level 7. HP: 27/43 MP: 10/10
  3429 | D:3      | XOM: medium Pois miscast
  3506 | D:3      | XOM: give mutations
  3506 | D:3      | Gained mutation: You are weak. (Str -2) [Xom's mischief]
  3506 | D:3      | Gained mutation: Your magical capacity is low (-10% MP). [Xom's mischief]
  3685 | D:3      | Found a radiant altar of Vehumet.
  3696 | D:3      | Reached skill level 5 in Dodging
  3748 | D:3      | Reached skill level 6 in Stealth
  3933 | D:3      | Noticed an angel
  4008 | D:4      | Killed Blork the orc
  4037 | D:4      | Noticed Robin
  4058 | D:4      | Killed Robin
  4464 | D:5      | Noticed Sigmund
  4498 | D:5      | Killed Sigmund
  4498 | D:5      | Reached ** piety under Okawaru
  4498 | D:5      | Reached skill level 5 in Evocations
  4498 | D:5      | Reached XP level 8. HP: 18/48 MP: 10/10
  4627 | D:5      | XOM: mild Erth miscast
  4726 | D:5      | Reached skill level 7 in Stealth
  4832 | D:5      | Lost dexterity.
  4878 | D:5      | Lost dexterity.
  5218 | Temple   | XOM: noise
  5320 | Temple   | XOM: mild Ice miscast
  5727 | D:5      | HP: 2/48 [worker ant (7)]
  5830 | D:5      | XOM: mild Tloc miscast
  6014 | D:5      | Slain by an orc

Vault maps used:
D:1:      scummos_arrival_simple_crosswalls, grunt_decor_arrowhead,
          kennysheep_pointless_box, corexii_hall_statues_u
D:2:      bloody_trog, lemuel_doored_altar, first_bread, st_stairs_6, uniq_iyjb,
          uniq_jessica, uniq_natasha
D:3:      vehumet_altar_wand_db, grunt_temple_overflow_holy_war
D:4:      nicolae_overflow_crystal_walls, serial_curves, eino_curves_03,
          eino_curves_01, uniq_grinder, uniq_blork_the_orc, uniq_robin
D:5:      old_standard_altar, temple_statues, uniq_crazy_yiuf_cottage,
          uniq_sigmund, uniq_duvessa
Temple:   chambers_temple_12

Action                   |  1- 3 |  4- 6 |  7- 9 || total
-------------------------+-------+-------+-------++-------
Melee: Short sword       |    46 |     1 |     2 ||    49
       Glaive            |       |    56 |    42 ||    98
       Flail             |       |    11 |    68 ||    79
 Fire: Blowgun           |       |     7 |     7 ||    14
Evoke: Wand              |       |    10 |    25 ||    35
  Use: Potion            |       |     6 |     2 ||     8
 Stab: Sleeping          |     3 |    12 |     3 ||    18
       Distracted        |       |     1 |     1 ||     2
  Eat: Chunk             |       |     8 |     2 ||    10
       Pizza             |       |       |     1 ||     1
       Bread ration      |       |       |     2 ||     2
